 Dungeon Crawl Stone Soup version 0.22-a0-422-g9628fc8 (webtiles) character file.

18 Leszczynek the Chiller (level 2, 0/20 HPs)
             Began as a Centaur Ice Elementalist on May 17, 2018.
             Slain by a worm (6 damage)
             ... on level 2 of the Dungeon.
             The game lasted 00:03:50 (441 turns).

Leszczynek the Chiller (Centaur Ice Elementalist)    Turns: 441, Time: 00:03:50

Health: 0/20       AC:  4    Str: 10    XL:     2   Next: 51%
Magic:  3/4        EV:  9    Int: 14    God:
Gold:   48         SH:  0    Dex:  9    Spells: 3/4 levels left

rFire    . . .     SeeInvis .     - Unarmed
rCold    . . .     Gourm    .   (no shield)
rNeg     . . .     Faith    .   a - +0 robe
rPois    .         Spirit   .   (no helmet)
rElec    .         Reflect  .   (no cloak)
rCorr    .         Harm     .   (no gloves)
MR       .....                  (no barding)
Stlth    +.........             (no amulet)
HPRegen  0.06/turn              (no ring)
MPRegen  0.09/turn              (no ring)

@: very quick
A: large, hooves 3, deformed body, speed 2, tough skin 3
a: no special abilities


You were on level 2 of the Dungeon.
You were not hungry.

You visited 1 branch of the dungeon, and saw 2 of its levels.

You collected 48 gold pieces.

Inventory:

Missiles
 g - 3 javelins of penetration (quivered)
Armour
 a - a +0 robe (worn)
 b - a +0 scale mail
Scrolls
 k - a scroll of magic mapping {unknown}
 n - a scroll of identify {unknown}
 o - a scroll of enchant weapon {unknown}
 p - a scroll of blinking {unknown}
 r - a scroll of teleportation {unknown}
Potions
 f - a potion of heal wounds {unknown}
 h - a potion of agility {unknown}
 i - a potion of resistance {unknown}
 j - a potion of degeneration {unknown}
 l - a potion of mutation {unknown}
 m - a potion of haste {unknown}
 q - a potion of curing {unknown}
Comestibles
 c - 13 chunks of flesh
 d - 3 rations


   Skills:
 - Level 1.3 Dodging
 - Level 1.1 Stealth
 + Level 2.2 Unarmed Combat
 - Level 1.5 Spellcasting
   Level 0.8 Conjurations
 - Level 2.6 Ice Magic


You had 3 spell levels left.
You knew the following spells:

 Your Spells              Type           Power        Failure   Level  Hunger
a - Freeze                Ice            #...         9%          1    ##.....

Your spell library contained the following spells:

 Spells                   Type           Power        Failure   Level  Hunger
 Throw Frost              Conj/Ice       #.....       19%         2    ###....
 Summon Ice Beast         Ice/Summ       #.......     82%         4    #####..
 Ozocubu's Armour         Chrm/Ice       #.......     41%         3    ####...
 Throw Icicle             Conj/Ice       #.......     77%         4    #####..


Dungeon Overview and Level Annotations

Branches:
Dungeon (2/15)

Altars:
Gozag


Innate Abilities, Weirdness & Mutations

You have hooves in place of feet.
Armour fits poorly on your strangely shaped body.
You cover ground very quickly.
You have extremely tough skin. (AC +3)


Message History

The worm is heavily wounded.
Throwing (i - inventory. (/) - cycle)
e - a javelin (quivered)
Press: ? - help, Shift-Dir - straight line, f/p - worm
Aim: a worm (heavily wounded)
You throw a javelin. The javelin hits the worm.
The worm is severely wounded.
Throwing (i - inventory)
g - 4 javelins of penetration (quivered)
Press: ? - help, Shift-Dir - straight line, f/p - worm
Aim: a worm (severely wounded)
You throw a javelin of penetration.
The javelin of penetration pierces through the worm.
The worm is almost dead.
Throwing (i - inventory)
g - 3 javelins of penetration (quivered)
Press: ? - help, Shift-Dir - straight line, f/p - worm
Aim: a worm (severely wounded)
Okay, then.
You barely miss the worm.
The worm is severely wounded.
The worm bites you.
You die...

###.#..........####
####.....######.#.###
#......#........#...#
...#.#.#..######.###.#########
### #.._..## #... #.........# ..
###.### #.## #########.###
[..###..# #.# ###.[...
.><....########.##########.......
...(..(..(..((.w@................
...##........##.####...##..######
.## #######.......)..####.######
#####...##...........#
.........#####..####...
#####.##.<# #..# #.#........##
#.#.######## #...


You could see a worm.

Vanquished Creatures
  4 goblins (D:1)
  6 jackals
  A kobold (D:2)
  3 frilled lizards (D:1)
  2 rats (D:1)
16 creatures vanquished.

Notes
Turn   | Place    | Note
-------+----------+-------------------------------------------
     0 | D:1      | Leszczynek the Centaur Ice Elementalist began the quest for the Orb.
     0 | D:1      | Reached XP level 1. HP: 14/14 MP: 3/3
     0 | D:1      | this will be such a shitshow
    65 | D:1      | meanwhile 12 javelins on d:1
   108 | D:1      | Reached skill level 1 in Unarmed Combat
   144 | D:1      | Reached XP level 2. HP: 17/20 MP: 2/4
   293 | D:1      | Reached skill level 2 in Unarmed Combat
   400 | D:2      | Found an opulent altar of Gozag.
   420 | D:2      | Ouch! That really hurt!
   420 | D:2      | HP: 4/20 [worm (11)]
   441 | D:2      | Slain by a worm

Vault maps used:
D:1:      minmay_arrival_glassed_features, corexii_hall_statues_i
D:2:      lemuel_crystal_altar, first_ration, minmay_pentomino_x2, uniq_jessica

Skill      XL: |  1  2 |
---------------+-------+-----
Unarmed Combat | 1 2 |  2.2
Dodging        | |  1.3
Stealth        | |  1.1
Spellcasting   | |  1.5
Conjurations   | |  0.8
Ice Magic      | |  2.6

Action                   || total
-------------------------++-------
Melee: Unarmed           ||    51
       Kick              ||     8
Throw: Javelin           ||    11
 Cast: Freeze            ||     7
Armor: Robe              ||    19
Dodge: Dodged            ||    23

Table legend:
 A = Spawn XP
 B = Non-spawn XP
 C = Spawn XP percentage of total XP
 D = Spawn monster count
 E = Non-spawn monster count
 F = Spawn count percentage of total count
 G = Total turns spent on level
                    A         B        C        D         E        F      G
               +---------+---------+-------+---------+---------+-------+---------
         Total |       0 |      27 |   0.0 |       0 |      16 |   0.0 |   441
               +---------+---------+-------+---------+---------+-------+---------
           D:1 |       0 |      19 |   0.0 |       0 |      12 |   0.0 |   301
           D:2 |       0 |       8 |   0.0 |       0 |       4 |   0.0 |   140
               +---------+---------+-------+---------+---------+-------+---------
